 Dungeon Crawl Stone Soup version 0.30.1-11-g7821555f0a (webtiles) character file.

Game seed: 12628435418841841753

1844 porpoise the Skirmisher (level 8, -9/66 HPs)
             Began as a Minotaur Hunter on Dec 26, 2023.
             Was a Follower of Hepliaklqana.
             Shot with a bolt by an orc warrior (11 damage)
             ... on level 7 of the Dungeon.
             The game lasted 00:13:20 (6773 turns).

porpoise the Skirmisher (Minotaur Hunter)           Turns: 6773, Time: 00:13:21

Health: -9/66      AC:  9    Str: 16    XL:     8   Next: 88%
Magic:  7/7        EV: 11    Int:  6    God:    Hepliaklqana [*.....]
Gold:   363        SH:  0    Dex: 16    Spells: 7/7 levels left

rFire   . . .        a - +1 shortbow
rCold   . . .        (shield currently unavailable)
rNeg    . . .        g - +0 ring mail
rPois   .            (helmet restricted)
rElec   .            (no cloak)
rCorr   .            s - +1 pair of gloves
SInv    .            j - +0 pair of boots
Will    .....        (no amulet)
Stlth   +            (no ring)
HPRegen 0.31/turn    (no ring)
MPRegen 0.10/turn

%: no passive effects
@: no status effects
A: reduced essence, horns 2, retaliatory headbutt
a: Renounce Religion, Recall Ancestor, Ancestor Identity


You were on level 7 of the Dungeon.
You worshipped Hepliaklqana.
Hepliaklqana was aware of your devotion.
You visited 2 branches of the dungeon, and saw 8 of its levels.

You collected 363 gold pieces.

Inventory:

Hand Weapons
 a - a +1 shortbow (weapon)
 b - a +0 hand axe of venom
Missiles
 o - 2 throwing nets
Armour
 g - a +0 ring mail (worn)
 j - a +0 pair of boots (worn)
 s - a +1 pair of gloves (worn)
Wands
 v - a wand of iceblast (8)
Scrolls
 e - 2 scrolls of teleportation
 k - 2 scrolls of magic mapping
 m - 5 scrolls of immolation
 p - a scroll of enchant armour
 q - a scroll of amnesia
 w - a scroll of fear
Potions
 c - 2 potions of flight
 d - a potion of curing
 f - a potion of magic
 i - a potion of heal wounds
 l - a potion of degeneration {unknown}
 r - a potion of mutation {unknown}
 t - 2 potions of attraction {unknown}
 u - 2 potions of lignification {unknown}
 x - a potion of might {unknown}


   Skills:
 + Level 7.7 Fighting
 * Level 10.5 Ranged Weapons
 - Level 5.0 Armour
 - Level 2.1 Dodging
 - Level 0.7 Stealth


You had 7 spell levels left.
You didn't know any spells.
Your spell library was empty.

Dungeon Overview and Level Annotations

Branches:
Dungeon (7/15)             Temple (1/1) D:6

Altars:
Cheibriados
Dithmenos
Elyvilon
Fedhas
Hepliaklqana
Kikubaaqudgha
Makhleb
Nemelex Xobeh
Okawaru
Qazlal
Ru
Sif Muna
Trog
Uskayaw
Wu Jian
Yredelemnul
Zin
The Shining One

Portals:
Abyss: D:3

Annotations:
D:3 2 transporters, bitcoinman's ghost, amateur GnWn
D:5 dig


Innate Abilities, Weirdness & Mutations

Your life essence is reduced to manifest your ancestor. (-10% HP)
You have a pair of horns on your head.
You reflexively headbutt those who attack you in melee.


Message History

The orc warrior shoots a bolt.
The bolt hits you!
* * * LOW HITPOINT WARNING * * *
Fire: a) +1 shortbow
Press: ? - help, Q - select action, (/) - cycle Shift-Dir - straight line, f/p - orc warrior
Aim: an orc warrior, wielding a +0 arbalest and wearing a +0 chain mail (severely wounded, 66% to hit)
Okay, then.
Unknown command.
You feel much better.
The orc warrior shoots a bolt.
The bolt barely misses you.
Fire: a) +1 shortbow
Press: ? - help, Q - select action, (/) - cycle Shift-Dir - straight line, f/p - orc warrior
Aim: an orc warrior, wielding a +0 arbalest and wearing a +0 chain mail (severely wounded, 66% to hit)
You shoot an arrow.
The arrow closely misses the orc warrior.
The arrow closely misses the centaur.
The arrow hits the orc.
The orc is severely wounded.
The orc warrior shoots a bolt.
The bolt hits you!
Fire: a) +1 shortbow
Press: ? - help, Q - select action, (/) - cycle Shift-Dir - straight line, f/p - orc warrior
Aim: an orc warrior, wielding a +0 arbalest and wearing a +0 chain mail (severely wounded, 66% to hit)
You shoot an arrow. The arrow hits the orc warrior.
The orc warrior is almost dead.
The orc warrior shoots a bolt.
The bolt hits you!
* * * LOW HITPOINT WARNING * * *
Fire: a) +1 shortbow
Press: ? - help, Q - select action, (/) - cycle Shift-Dir - straight line, f/p - orc warrior
Aim: an orc warrior, wielding a +0 arbalest and wearing a +0 chain mail (almost dead, 66% to hit)
You shoot an arrow.
The arrow completely misses the orc warrior.
The arrow hits the centaur!
The centaur is moderately wounded.
Fire: a) +1 shortbow
Press: ? - help, Q - select action, (/) - cycle Shift-Dir - straight line, f/p - orc warrior
Aim: an orc warrior, wielding a +0 arbalest and wearing a +0 chain mail (almost dead, 66% to hit)
You shoot an arrow. The arrow hits the orc warrior.
The orc warrior is almost dead.
The orc warrior shoots a bolt.
The bolt hits you!!
* * * LOW HITPOINT WARNING * * *
The orc warrior shoots a bolt.
The bolt hits you!
You die...

###########
#@.......<#
#)#########
#o# #c# #o#
.). ).. )..
.....


You could see an orc warrior, a centaur and an orc.

Vanquished Creatures
  Prince Ribbit (D:6)
  Grinder (D:4)
  A water moccasin (D:6)
  An orc warrior (D:6)
  An ogre (D:6)
  A phantom (D:4)
  Blork the orc (D:4)
  4 scorpions
  A jelly (D:5)
  3 orc priests
  A hound (D:5)
  A sleepcap (D:5)
  A gnoll bouda (D:5)
  6 iguanas
  4 orc wizards
  10 gnolls
  7 adders
  An ufetubus (D:5)
  A worm (D:4)
  A dart slug (D:4)
  13 orcs
  10 endoplasms
  3 giant cockroaches
  4 goblins
  4 hobgoblins
  11 jackals
  11 kobolds
  6 ball pythons
  6 bats
  3 frilled lizards
  7 rats
126 creatures vanquished.

Vanquished Creatures (collateral kills)
  A scorpion (D:6)
  An orc priest (D:6)
2 creatures vanquished.

Vanquished Creatures (others)
  3 ancestors
3 creatures vanquished.

Grand Total: 131 creatures vanquished

Notes
Turn   | Place    | Note
-------+----------+-------------------------------------------
     0 | D:1      | porpoise the Minotaur Hunter began the quest for the Orb.
     0 | D:1      | Reached XP level 1. HP: 18/18 MP: 0/0
   112 | D:1      | Found a faded altar of an unknown god.
   179 | D:1      | Reached XP level 2. HP: 25/25 MP: 1/1
   537 | D:1      | Reached skill level 1 in Armour
   801 | D:2      | Reached skill level 5 in Ranged Weapons
  1003 | D:2      | Reached XP level 3. HP: 31/31 MP: 2/2
  1527 | D:2      | Reached XP level 4. HP: 38/38 MP: 3/3
  1719 | D:3      | Found a transporter.
  1885 | D:3      | Noticed an ancient zyme
  1890 | D:3      | Noticed a small abomination
  1909 | D:3      | Noticed bitcoinman's ghost (amateur GnWn)
  1922 | D:3      | Found a one-way gate to the infinite horrors of the Abyss.
  1947 | D:3      | Found a transporter.
  2616 | D:4      | Found an ancient bone altar of Kikubaaqudgha.
  2617 | D:4      | Noticed a phantom
  2642 | D:4      | Killed a phantom
  2643 | D:4      | Reached skill level 6 in Ranged Weapons
  2643 | D:4      | Reached XP level 5. HP: 23/46 MP: 4/4
  2947 | D:4      | Found a blossoming altar of Fedhas.
  2979 | D:4      | Reached XP level 6. HP: 52/52 MP: 5/5
  2991 | D:4      | Noticed Grinder
  2993 | D:4      | Paralysed by Grinder for 4 turns
  3014 | D:4      | Killed Grinder
  3015 | D:4      | Reached skill level 7 in Ranged Weapons
  3192 | D:4      | Noticed Blork the orc
  3204 | D:4      | Killed Blork the orc
  3205 | D:4      | Reached XP level 7. HP: 33/60 MP: 6/6
  3574 | D:5      | Entered Level 5 of the Dungeon
  3609 | D:5      | Reached skill level 5 in Fighting
  3849 | D:5      | Found a stormy altar of Qazlal.
  4210 | D:5      | Found a hide-covered altar of Uskayaw.
  4210 | D:5      | Noticed a +0 dagger
  4210 | D:5      | Noticed a +0 short sword
  4210 | D:5      | Noticed a +0 spear
  4211 | D:5      | Noticed a +0 short sword
  4214 | D:5      | Reached skill level 8 in Ranged Weapons
  4218 | D:5      | Noticed a +0 falchion
  4219 | D:5      | Noticed a +0 spear
  4220 | D:5      | Noticed a +0 dagger
  4220 | D:5      | Noticed a +0 falchion
  4336 | D:5      | Reached skill level 5 in Armour
  4667 | D:5      | Found a glowing silver altar of Zin.
  4847 | D:6      | Found a staircase to the Ecumenical Temple.
  4861 | Temple   | Entered the Ecumenical Temple
  4916 | Temple   | Became a worshipper of Hepliaklqana the Forgotten
  5262 | D:6      | Reached XP level 8. HP: 46/70 MP: 7/7
  5404 | D:6      | Reached skill level 9 in Ranged Weapons
  5730 | D:6      | Reached * piety under Hepliaklqana
  5801 | D:6      | Noticed Prince Ribbit
  5812 | D:6      | Killed Prince Ribbit
  5930 | D:6      | Reached skill level 10 in Ranged Weapons
  6773 | D:7      | HP: 2/66 [orc warrior/bolt (18)]
  6773 | D:7      | Shot with a bolt by an orc warrior

Illustrated notes

Levels and vault maps discovered:
D:1:      lightli_arrival_statue_moat, layout_loops_ring,
          shapermc_ecumenical_altar_mp_ritualfount
D:2:      layout_loops_corners, grunt_ministairs_7
D:3:      layout_basic, gammafunk_ghost_abyssal_escape,
          chequers_serial_rivers_small_a
D:4:      layout_rooms, fedhas_altar_3, mainiacjoe_overflow_small_starburst,
          uniq_blork_the_orc, uniq_grinder
D:5:      layout_loops_ring, nicolae_uskayaw_en_pointe, zin_scriptorium,
          nicolae_qazlal_scattered_showers
D:6:      layout_loops_corners, minmay_temple_entry_junction,
          uniq_prince_ribbit1
D:7:      gammafunk_cloud_chamber, layout_basic, hellmonk_no_cap
Temple:   dshaligram_water_room_temple

Skill      XL: |  1  2  3  4  5  6  7  8 |
---------------+-------------------------+-----
Fighting       | 3 4 6 7 |  7.7
Armour         | 1 2 3 4 5 |  5.0
Ranged Weapons | 5 6 7 8 10 | 10.5
Dodging        | |  2.1
Stealth        | |  0.7

Action                     |  1- 3 |  4- 6 |  7- 9 || total
---------------------------+-------+-------+-------++-------
  Melee: Hand axe          |       |    28 |       ||    28
         Headbutt          |       |     8 |       ||     8
         Punch             |       |     1 |       ||     1
   Fire: Shortbow          |    99 |   109 |   233 ||   441
 Invoke: Ancestor Identity |       |       |     1 ||     1
    Use: Scroll            |       |     1 |    11 ||    12
         Potion            |       |       |     2 ||     2
 Armour: Leather armour    |     1 |       |       ||     1
         Ring mail         |    24 |    22 |    38 ||    84
  Dodge: Dodged            |    38 |    36 |    47 ||   121
